AoeStats
← betatheking

Black Forest

505791020Analyzed
2v2 RM · 21d ago on Sep 11, 2026· 22m 39s· 4 players
Game mode
Random Map
Map size
Medium (4 player)
Population
200
Speed
Normal
Resources
Standard
Victory
Conquest
Starting age
Dark Age
Ending age
Imperial Age
RankedLock teamsTeams togetherTeam positionsShared explorationLock speedFull tech treeHidden civsTurbo modeCheats
Victory
Defeat
🇨🇦 Wu · Canada
1006
+12
🇨🇦 Byzantines · Canada
837
+19
🇻🇳 Italians · Vietnam
942
-17
🇧🇷 Turks · Brazil
876
-14
Laz Ziya
0:37 Loom
10:58 Feudal Age
15:56 Castle Age
15:18 Fletching
15:46 Double-Bit Axe
17:11 Gold Mining
18:56 Wheelbarrow
19:48 Bow Saw
19:22 Horse Collar
21:47 Padded Archer Armor
betatheking
8:54 Loom
13:26 Feudal Age
13:47 Horse Collar
14:22 Double-Bit Axe
16:56 Stone Mining
23:10 Castle Age
22:38 Gold Mining
MP
1:09 Loom
13:02 Feudal Age
15:49 Horse Collar
15:57 Double-Bit Axe
16:06 Stone Mining
18:21 Castle Age
17:49 Gold Mining
18:38 Wheelbarrow
hoasex12345
2:16 Loom
10:17 Feudal Age
11:35 Wheelbarrow
10:46 Double-Bit Axe
10:42 Horse Collar
22:17 Castle Age
20:25 Gold Mining
20:26 Stone Mining
20:45 Padded Archer Armor
Connection lost

Rejoining the realm…

Still unreachable

The connection could not be restored.

Session expired

The server has moved on; the page needs a fresh start.